AoeStats
← |GaoeG| flamingo

Arabia

510088469Analyzed
3v3 RM · 1d ago on Sep 29, 2026· 50m 34s· 6 players
Game mode
Random Map
Map size
Normal (6 player)
Population
200
Speed
Normal
Resources
Standard
Victory
Conquest
Starting age
Dark Age
Ending age
Imperial Age
RankedLock teamsTeams togetherTeam positionsShared explorationLock speedFull tech treeHidden civsTurbo modeCheats
Victory
Defeat
🇪🇸 Hindustanis · Spain
1406
+10
🇪🇸 Vietnamese · Spain
1310
+14
🇪🇸 Khmer · Spain
1218
+18
🇹🇼 Ethiopians · Taiwan
1305
-16
🇭🇰 Persians · Hong Kong SAR China
1245
-13
🇩🇪 Varangians · Germany
1239
-13
{duress} Lendon
6:33 Loom
9:05 Feudal Age
9:26 Double-Bit Axe
10:37 Horse Collar
20:44 Castle Age
18:44 Gold Mining
20:18 Scale Barding Armor
20:23 Forging
20:26 Bloodlines
21:14 Husbandry
22:01 Bow Saw
22:47 Iron Casting
26:51 Wheelbarrow
31:33 Hand Cart
31:20 Town Watch
34:17 Chain Barding Armor
37:49 Imperial Age
37:30 Cavalier
38:46 Plate Barding Armor
39:01 Town Patrol
40:04 Blast Furnace
44:26 Savar
fox0503
6:30 Loom
10:01 Feudal Age
13:33 Fletching
23:43 Castle Age
21:52 Padded Archer Armor
24:10 Double-Bit Axe
23:48 Crossbowman
24:24 Bodkin Arrow
24:53 Squires
29:23 Ballistics
29:21 Leather Archer Armor
29:12 Horse Collar
31:13 Thumb Ring
41:47 Town Watch
49:38 Imperial Age
47:27 Murder Holes
Starmari
10:06 Feudal Age
14:55 Castle Age
14:32 Stone Mining
15:45 Double-Bit Axe
16:34 Horse Collar
27:54 Loom
30:55 Forging
33:27 Bow Saw
33:24 Heavy Plow
34:30 Iron Casting
33:56 Scale Mail Armor
34:57 Scale Barding Armor
36:49 Chain Barding Armor
37:59 Wheelbarrow
39:14 Hand Cart
42:07 Imperial Age
43:50 Conscription
42:51 Elite Jarl
44:36 Blast Furnace
44:12 Plate Barding Armor
44:06 Husbandry
44:17 Bloodlines
45:26 Crop Rotation
48:03 Cavalier
48:12 Gothikon
SuterOne
7:36 Loom
11:09 Feudal Age
11:35 Double-Bit Axe
15:02 Town Watch
20:21 Castle Age
18:21 Horse Collar
22:47 Wheelbarrow
22:27 Bow Saw
22:10 Gold Mining
27:43 Gold Shaft Mining
29:54 Pikeman
32:32 Scale Mail Armor
32:43 Forging
37:20 Imperial Age
37:01 Iron Casting
38:35 Conscription
37:58 Halberdier
38:54 Double Crossbow
41:11 Chain Mail Armor
41:56 Hand Cart
44:06 Chemistry
43:28 Ballistics
42:41 Heavy Scorpion
48:32 Blast Furnace
|GaoeG| flamingo
6:31 Loom
9:38 Feudal Age
10:43 Double-Bit Axe
12:30 Town Watch
15:33 Fletching
20:34 Wheelbarrow
23:56 Castle Age
22:05 Horse Collar
22:18 Gold Mining
25:34 Bow Saw
25:46 Bloodlines
25:37 Husbandry
25:37 Bodkin Arrow
26:20 Thumb Ring
37:02 Imperial Age
34:53 Padded Archer Armor
36:17 Ballistics
36:23 Leather Archer Armor
38:14 Heavy Cavalry Archer
38:59 Bracer
39:30 Ring Archer Armor
40:09 Chemistry
40:51 Stone Mining
42:02 Two-Man Saw
43:44 Hand Cart
47:58 Paper Money
JITANOmaleant7
6:35 Loom
9:44 Feudal Age
10:14 Double-Bit Axe
13:03 Horse Collar
19:20 Wheelbarrow
24:15 Castle Age
23:29 Gold Mining
23:30 Stone Mining
25:45 Bow Saw
25:41 Heavy Plow
27:07 Squires
28:43 Scale Mail Armor
32:56 Chain Mail Armor
33:17 Forging
38:22 Imperial Age
37:04 Hand Cart
36:39 Town Watch
39:51 Iron Casting
38:47 Elite Ghulam
40:26 Scale Barding Armor
42:38 Conscription
42:46 Bloodlines
42:37 Husbandry
43:44 Heavy Camel Rider
44:47 Chain Barding Armor
45:28 Blast Furnace
45:10 Imperial Camel Rider
47:57 Plate Barding Armor
Connection lost

Rejoining the realm…

Still unreachable

The connection could not be restored.

Session expired

The server has moved on; the page needs a fresh start.